 Dungeon Crawl Stone Soup version 0.27-a0-1500-g450c7e4133 (webtiles) character file.

Game seed: 13770461063036927240

135 trckry the Firebug (level 4, -2/36 HPs)
             Began as a Deep Elf Fire Elementalist on July 7, 2021.
             Slain by an adder (3 damage)
             ... on level 3 of the Dungeon on July 8, 2021.
             The game lasted 00:06:16 (4635 turns).

trckry the Firebug (Deep Elf Fire Elementalist)     Turns: 4635, Time: 00:06:17

Health: -2/36      AC:  2    Str:  6    XL:     4   Next: 96%
Magic:  9/12       EV: 12    Int: 20    God:
Gold:   129        SH:  0    Dex: 15    Spells: 7/11 levels left

rFire    . . .     SeeInvis .   c - +0 long sword
rCold    . . .     Faith    .   (no shield)
rNeg     . . .     Spirit   .   a - +0 robe
rPois    .         Reflect  .   (no helmet)
rElec    .         Harm     .   (no cloak)
rCorr    .         Rampage  .   (no gloves)
Will     .....                  (no boots)
Stlth    ..........             (no amulet)
HPRegen  0.12/turn              (no ring)
MPRegen  0.13/turn              (no ring)

@: berserking, lethally poisoned (-2 -> -6), very quick
A: no striking features
a: no special abilities


You were on level 3 of the Dungeon.
You visited 1 branch of the dungeon, and saw 3 of its levels.

You collected 129 gold pieces.

Inventory:

Hand Weapons
 c - a +0 long sword (weapon)
Missiles
 e - 13 poisoned darts
Armour
 a - a +0 robe (worn)
Jewellery
 g - a ring of willpower
Scrolls
 h - a scroll of summoning {unknown}
Potions
 d - a potion of curing {unknown}
 f - a potion of lignification {unknown}


   Skills:
 - Level 2.4 Dodging
 - Level 2.4 Stealth
 + Level 4.1 Spellcasting
 * Level 3.4 Conjurations
 * Level 4.6 Fire Magic


You had 7 spell levels left.
You knew the following spells:

 Your Spells              Type           Power      Damage    Failure   Level
a - Foxfire               Conj/Fire      80%        2x1d8     2%          1
b - Conjure Flame         Conj/Fire      20%        6-21      7%          3

Your spell library contained the following spells:

 Spells                   Type           Power      Damage    Failure   Level
 Animate Skeleton         Necr           8%         N/A       13%         1
 Apportation              Tloc           8%         N/A       13%         1
 Corona                   Hex            4%         N/A       13%         1
 Summon Small Mammal      Summ           16%        N/A       13%         1
 Inner Flame              Hex/Fire       13%        N/A       14%         3
 Sticky Flame             Conj/Fire      20%        2d4       24%         4
 Fireball                 Conj/Fire      10%        3d6       54%         5


Dungeon Overview and Level Annotations

Branches:
Dungeon (3/15)

Altars:

Shops:
D:2 [

Annotations:
D:3 3 runed translucent doors, dickylongcocking's ghost, amateur DjWn


Message History

The adder is lightly wounded.
The foxfire hits the adder.
The adder is heavily wounded.
The adder bites you. x2; The adder bites you but does no damage.
You take 5 damage, and have 13/24 hp.
MASSIVE DAMAGE!!
You now have 10/12 mp.
Casting: Foxfire (safe; 2% risk of failure)
Confirm with . or Enter, or press ? or * to list all spells.
You conjure some foxfire!
You feel sick.
The foxfire hits the adder.
The adder is severely wounded.
The foxfire hits the adder.
The adder is moderately wounded.
The adder bites you.
You are more poisoned.
The adder poisons you! The adder bites you.
* * * LOW HITPOINT WARNING * * *
The adder closely misses you.
You take 6 damage, and have 7/24 hp.
MASSIVE DAMAGE!!
You now have 9/12 mp.
* * * LOW HITPOINT WARNING * * *
You feel sick.
The foxfire hits the adder but does no damage.
The adder is severely wounded.
The foxfire hits the adder.
The adder is severely wounded.
The adder bites you.
* * * LOW HITPOINT WARNING * * *
You take 3 damage, and have 4/24 hp.
It was a potion of berserk rage.
A red film seems to cover your vision as you go berserk!
You feel yourself moving faster!
You feel mighty!
* * * LOW HITPOINT WARNING * * *
You feel sick. The adder bites you.
* * * LOW HITPOINT WARNING * * *
The adder barely misses you.
You now have 2/36 hp.
You are too berserk!
You miss the adder.
The adder is severely wounded.
* * * LOW HITPOINT WARNING * * *
You feel sick. The adder closely misses you. The adder bites you.
You die...

#...##....+.
#.#.##....#.
#.#.....>.##
#.####......
####.####....##
####............##
#...............##
##.######........##
#.@#♣≈≈♣##'##....##
#.SS≈♣ #♣≈P########
#..#≈♣#♣≈♣♣≈# #
#.##♣≈♣≈♣# P####
### ♣≈≈≈♣#♣#..# #
#♣≈♣≈♣##..# #
♣≈♣#♣≈#...# # ≈≈♣
♣≈'..##### #+#
♣≈†##.....##


You could see 2 adders.

Vanquished Creatures
  4 gnolls (D:3)
  3 adders
  2 dart slugs
  2 orcs (D:3)
  8 ball pythons
  6 endoplasms
  2 giant cockroaches
  8 hobgoblins
  3 jackals
  6 quokkas
  4 bats
  A frilled lizard (D:1)
  3 goblins
  5 kobolds
  2 rats
59 creatures vanquished.

Vanquished Creatures (collateral kills)
  12 foxfires (D:1)
12 creatures vanquished.

Vanquished Creatures (others)
  251 foxfires
  9 plants (D:1)
260 creatures vanquished.

Grand Total: 331 creatures vanquished

Notes
Turn   | Place    | Note
-------+----------+-------------------------------------------
     0 | D:1      | trckry the Deep Elf Fire Elementalist began the quest for
                  | the Orb.
     0 | D:1      | Reached XP level 1. HP: 10/10 MP: 6/6
   428 | D:1      | Reached XP level 2. HP: 15/15 MP: 4/8
   595 | D:1      | Found a faded altar of an unknown god.
  1736 | D:2      | Reached XP level 3. HP: 19/19 MP: 5/9
  2169 | D:2      | Found Esem Ceu's Antique Armour Shop.
  3299 | D:2      | Upgraded the game from 0.27-a0-1456-gf5a116941d to
                  | 0.27-a0-1500-g450c7e4133
  3309 | D:3      | Learned a level 3 spell: Conjure Flame
  3356 | D:3      | Reached XP level 4. HP: 19/24 MP: 8/11
  3621 | D:3      | HP: 1/24 [gnoll (14)]
  4313 | D:3      | Noticed dickylongcocking's ghost (amateur DjWn)
  4314 | D:3      | Found a runed translucent gate.
  4314 | D:3      | Noticed a bullfrog
  4319 | D:3      | Found a runed translucent gate.
  4319 | D:3      | Found a runed translucent gate.
  4634 | D:3      | HP: 5/36 [poisoned by an adder]
  4634 | D:3      | HP: 2/36 [adder (3)]
  4635 | D:3      | Slain by an adder

Illustrated notes

Levels and vault maps discovered:
D:1:      kennysheep_arrival_seaside, layout_loops_ring,
          shapermc_ecumenical_altar_mp_vishouse, serial_forest,
          infiniplex_forest_clump_curved, infiniplex_forest_lined_room_2,
          infiniplex_forest_clump_curved, infiniplex_forest_lined_room_2,
          infiniplex_forest_lined_corner, infiniplex_forest_lined_corner,
          infiniplex_forest_3_way, infiniplex_forest_lined_1,
          serial_bayou_pond_c
D:2:      minmay_razor_zed, layout_basic, serial_shops, shop
D:3:      layout_basic, gammafunk_ghost_split, minmay_misc_feat_room,
          minmay_misc_feat_hallway, saegor_snake_ambush

Skill      XL: |  1  2  3  4 |
---------------+-------------+-----
Conjurations   | 2 3 |  3.4
Fire Magic     | 4 |  4.6
Spellcasting   | 4 |  4.1
Dodging        | |  2.4
Stealth        | |  2.4

Action                   |  1- 3 |  4- 6 || total
-------------------------+-------+-------++-------
Melee: Long sword        |       |     1 ||     1
 Cast: Foxfire           |   113 |    57 ||   170
  Use: Potion            |       |     1 ||     1
Armor: Robe              |     3 |     2 ||     5
Dodge: Dodged            |    13 |     6 ||    19

Table legend: (Time is in decaauts)
 A = Elapsed time spent in this place.
 B = Non-inter-level travel time spent in this place.
 C = Inter-level travel time spent in this place.
 D = Time resting spent in this place.
 E = Time spent auto-exploring this place.
 F = Levels seen in this place.
 G = Mean time per level.
                   A        B        C        D        E       F      G
               +--------+--------+--------+--------+--------+-----+--------+
         Total |   4644 |   4516 |    128 |    284 |   3834 |   3 | 1548.0 |
       Dungeon |   4644 |   4516 |    128 |    284 |   3834 |   3 | 1548.0 |
               +--------+--------+--------+--------+--------+-----+--------+

Top non-repeatable levels by time:
     D:2: 2087 daAuts
     D:1: 1539 daAuts
     D:3: 1017 daAuts
